 Dungeon Crawl Stone Soup version 0.28-a0-1235-g7c8fac35f0 (webtiles) character file.

Game seed: 11181125855955188255

81507 r3xj the Warrior (level 15, -1/152 HPs)
             Began as a Minotaur Fighter on Dec 25, 2021.
             Was a High Priest of Okawaru.
             Killed from afar by a swamp worm (10 damage)
             ... with a harpoon shot
             ... on level 15 of the Dungeon.
             The game lasted 01:29:35 (34568 turns).

r3xj the Warrior (Minotaur Fighter)                Turns: 34568, Time: 01:29:36

Health: -1/152     AC: 22    Str: 29    XL:     15   Next: 26%
Magic:  18/18      EV: 12    Int:  5    God:    Okawaru [*****.]
Gold:   1191       SH: 13    Dex: 15    Spells: 14/14 levels left

rFire   . . .      SeeInvis .   e - +0 morningstar
rCold   . . .      Faith    +   C - +0 kite shield
rNeg    . . .      Spirit   .   P - +0 plate armour
rPois   .          Reflect  .   o - +2 hat
rElec   +          Harm     .   b - +2 cloak {Stlth+}
rCorr   +          Rampage  .   (no gloves)
Will    +....                   U - +1 pair of boots "Vunyrolu" {rElec}
Stlth   ..........              A - amulet of faith
HPRegen 0.35/turn               h - ring of resist corrosion
MPRegen 0.16/turn               z - +6 ring of dexterity

@: studying 2 skills
A: horns 2, retaliatory headbutt
a: Renounce Religion, Heroism, Finesse, Duel


You were on level 15 of the Dungeon.
You worshipped Okawaru.
Okawaru was extremely pleased with you.
You visited 3 branches of the dungeon, and saw 22 of its levels.
You also visited: Sewer.

You collected 1521 gold pieces.
You spent 330 gold pieces at shops.

Inventory:

Hand Weapons
 e - a +0 morningstar (weapon)
Missiles
 n - 12 curare-tipped darts
 y - 90 poisoned darts (quivered)
 X - 5 throwing nets
Armour
 a - the +1 pair of boots "Guezefoo" {*Corrode +Inv rF+ Str-4 Int+8}
   (Okawaru gifted it to you on level 15 of the Dungeon)

   Str:       It affects your strength (-4).
   Int:       It affects your intelligence (+8).
   rF:        It protects you from fire.
   +Inv:      It lets you turn invisible.
   *Corrode:  It may corrode you when you take damage.
 b - a +2 cloak of stealth (worn)
 k - a +1 pair of boots of rampaging
 o - a +2 hat (worn)
 C - a +0 kite shield (worn)
 I - +0 fire dragon scales
 L - a +0 hat of intelligence
 P - a +0 plate armour (worn)
 Q - a +0 tower shield
 U - the +1 pair of boots "Vunyrolu" (worn) {rElec}
   (Okawaru gifted it to you on level 2 of the Lair of Beasts)

   rElec:     It insulates you from electricity.
 Y - +0 ice dragon scales
Jewellery
 h - a ring of resist corrosion (left hand)
 j - a ring of magical power
 z - a +6 ring of dexterity (right hand)
 A - an amulet of faith (around neck)
 S - a ring of see invisible
Wands
 c - a wand of digging (6)
 m - a wand of polymorph (6)
 q - a wand of paralysis (20)
 F - a wand of iceblast (10)
 J - a wand of mindburst (15)
 N - a wand of acid (14)
 O - a wand of flame (25)
Scrolls
 i - 4 scrolls of fog
 l - 11 scrolls of teleportation
 t - 3 scrolls of fear
 u - 5 scrolls of amnesia
 w - 5 scrolls of magic mapping
 x - 3 scrolls of enchant weapon
 E - 3 scrolls of enchant armour
 K - 2 scrolls of vulnerability {unknown}
 M - 2 scrolls of brand weapon
 R - 2 scrolls of torment {unknown}
 V - 4 scrolls of immolation {unknown}
 W - a scroll of silence {unknown}
Potions
 d - 4 potions of might
 f - a potion of ambrosia
 g - 3 potions of brilliance
 p - 2 potions of heal wounds
 r - a potion of berserk rage
 s - a potion of cancellation {unknown}
 v - 2 potions of curing
 B - 5 potions of flight
 G - 4 potions of haste
 H - 3 potions of mutation
 T - a potion of magic


   Skills:
 + Level 19.1 Fighting
 - Level 16.0 Maces & Flails
 + Level 9.9 Armour
 + Level 10.5 Dodging
 - Level 15.0 Shields
 - Level 5.8 Invocations


You had 14 spell levels left.
You didn't know any spells.
Your spell library contained the following spells:

 Spells                   Type           Power      Damage    Failure   Level
 Beastly Appendage        Tmut           0%         N/A       99%         1
 Magic Dart               Conj           0%         1d3       99%         1
 Shock                    Conj/Air       0%         1d3       99%         1
 Passwall                 Tmut/Erth      0%         N/A       99%         2
 Sublimation of Blood     Necr           0%         N/A       99%         2
 Wereblood                Tmut           0%         N/A       99%         2
 Ignite Poison            Fire/Tmut/Pois 0%         N/A       100%        3
 Mephitic Cloud           Conj/Pois/Air  0%         N/A       100%        3
 Spider Form              Tmut/Pois      0%         N/A       100%        3
 Swiftness                Air            0%         N/A       100%        3
 Airstrike                Air            0%         N/A       100%        4
 Leda's Liquefaction      Hex/Erth       0%         N/A       100%        4
 Freezing Cloud           Conj/Ice/Air   0%         6-21      100%        5
 Lee's Rapid Deconstruct  Erth           0%         3d5*      100%        5
 Statue Form              Tmut/Erth      0%         N/A       100%        6
 Polar Vortex             Ice            0%         N/A       100%        9
 Summon Small Mammal      Summ           Unusable   N/A       N/A         1
 Call Imp                 Summ           Unusable   N/A       N/A         2
 Call Canine Familiar     Summ           Unusable   N/A       N/A         3
 Summon Guardian Golem    Hex/Summ       Unusable   N/A       N/A         3
 Simulacrum               Ice/Necr       Unusable   N/A       N/A         6
 Summon Hydra             Summ           Unusable   N/A       N/A         7

Dungeon Overview and Level Annotations

Branches:
Dungeon (15/15)            Temple (0/1) D:6            Lair (6/6) D:11
  Swamp (1/4) Lair:3       Spider (0/4) Lair:4        Slime (0/5) Lair:5
    Orc (0/2) D:11         Vaults (0/5) D:14          Sewer (visited)
 Depths: D:15

Altars:
Elyvilon
Fedhas
Gozag
Hepliaklqana
Okawaru
Vehumet
Wu Jian
Xom
Zin

Shops:
D:6 [   D:8 ?[?[   D:11 =?(   D:14 *   D:15 [


Innate Abilities, Weirdness & Mutations

You have a pair of horns on your head.
You reflexively headbutt those who attack you in melee.


Message History

The torpor snail is severely wounded.
You block the torpor snail's attack.
You impale the torpor snail!!
You kill the torpor snail!
Okawaru accepts your kill.
You feel yourself speed up.
You puncture the tyrant leech! You headbutt the tyrant leech!
The tyrant leech is moderately wounded.
You block the tyrant leech's attack.
You impale the tyrant leech!! Your headbutt misses the tyrant leech.
The tyrant leech is severely wounded.
You bludgeon the tyrant leech!!
You kill the tyrant leech!
Okawaru accepts your kill.
You sock the tyrant leech! Your headbutt misses the tyrant leech.
The tyrant leech is moderately wounded.
The tyrant leech closely misses you. You furiously retaliate!
You headbutt the tyrant leech! You closely miss the tyrant leech.
The tyrant leech is heavily wounded.
You hit the tyrant leech.
The tyrant leech is heavily wounded.
The tyrant leech bites you!!
* * * LOW HITPOINT WARNING * * *
The tyrant leech draws strength from your injuries!
You thump the tyrant leech! Your headbutt misses the tyrant leech.
The tyrant leech is heavily wounded.
You closely miss the tyrant leech.
The tyrant leech is heavily wounded.
You block the tyrant leech's attack.
You impale the tyrant leech!!
The tyrant leech is severely wounded.
You block the tyrant leech's attack.
You sock the tyrant leech!
You kill the tyrant leech!
Okawaru accepts your kill.
You feel like a meek peon again.
The swamp worm fires a harpoon shot at you.
The harpoon shot hits you!
You die...

#.#.#.##.########
#..≈≈≈≈≈##
#.....##........#
##.≈≈≈≈≈≈≈#
##..###########.#
##..≈≈≈≈P≈≈# #.##
#.# #..≈≈##≈##≈≈#
#.############.#
#.≈≈≈# "w# ≈≈
#.........))...#
#.≈≈## w# ≈≈
################.#
#.≈≈# ≈≈ ≈≈ ..# #.#
#.≈≈## ##≈≈ #.
#@####.≈≈≈# #≈≈≈
#..†w...≈≈## ##≈≈#
###.#####..≈≈###≈≈#
########.....#
###≈≈≈≈≈≈≈##
.........#.#.#
##≈≈≈≈≈...
##...........#
#..#.####
#.#####.#.#.#
##...# #.# #.....#
###.# # ## ##.#
#.#..## #.# #


You could see a swamp worm.

Vanquished Creatures
  Gastronok (D:12)
  Kirke (Lair:3)
  The ghost of pigah the Zephyrmancer, a journeyman OpWn of Sif Muna (Lair:4)
  Snorg (Lair:4)
  A fire dragon (Lair:6)
  7 hydras
  A vault guard (D:14)
  An ice dragon (Lair:4)
  3 ogre magi (D:15)
  Erolcha (D:13)
  3 boulder beetles
  3 centaur warriors
  21 two-headed ogres
  Sonja (Lair:2)
  A fire crab (Lair:6)
  A wizard (D:14)
  A lindwurm (Lair:6)
  4 deep elf pyromancers
  A deep elf zephyrmancer (D:11)
  7 ugly things
  A manticore (D:11)
  7 cyclopes
  Joseph (D:9)
  7 black mambas
  2 torpor snails
  11 elephants
  3 molten gargoyles (Lair:6)
  A cane toad (shapeshifter) (D:13)
  10 cane toads
  8 komodo dragons
  7 rime drakes
  An unseen horror (D:7)
  A kobold demonologist (D:14)
  2 trolls
  A jumping spider (Lair:4)
  A hornet (D:9)
  3 polar bears
  11 slime creatures (D:12)
  2 tyrant leeches (D:15)
  A merfolk (D:13)
  7 blink frogs
  A centaur simulacrum (D:14)
  A redback (Lair:4)
  8 wyverns
  3 spriggans
  3 vampires
  3 water elementals
  2 wraiths
  6 hogs
  8 vampire mosquitoes
  7 basilisks
  41 yaks
  A human (Lair:4)
  A catoblepas simulacrum (Lair:4)
  2 steam dragons
  A swamp worm (D:15)
  An acid dragon (D:10)
  A hydra simulacrum (Lair:4)
  17 water moccasins
  4 hell hounds (Lair:6)
  5 orc warriors
  3 sky beasts
  A black bear (Lair:2)
  A swamp drake (D:11)
  4 centaurs
  4 necrophages
  5 ogres
  20 wolves
  5 kobold brigands
  A phantom (D:4)
  19 bullfrogs
  A cane toad simulacrum (Lair:4)
  A scorpion (D:6)
  A wyvern skeleton (D:7)
  2 water moccasin skeletons
  A blink frog simulacrum (Lair:4)
  An elephant simulacrum (Lair:4)
  14 wights
  8 killer bees
  8 electric eels
  A rime drake simulacrum (Lair:4)
  6 howler monkeys
  2 crimson imps
  5 lava snakes (Lair:6)
  A bullfrog zombie (D:5)
  A bullfrog skeleton (D:7)
  10 hounds
  7 orc priests
  A jelly (D:4)
  3 gnoll shamans
  An iron imp (D:11)
  An iguana (D:5)
  Ijyb (D:3)
  16 orc wizards
  2 killer bee zombies
  A hound zombie (D:5)
  A basilisk simulacrum (Lair:4)
  A hound skeleton (D:5)
  2 howler monkey zombies (D:9)
  11 gnolls
  6 adders
  A river rat (Sewer)
  2 shadow imps
  2 white imps
  An ufetubus (D:5)
  2 adder skeletons (D:4)
  2 worms (D:2)
  4 dart slugs
  39 orcs
  6 ball pythons
  5 bats
  5 endoplasms
  4 giant cockroaches
  6 goblins
  3 hobgoblins
  9 jackals
  27 kobolds
  6 quokkas
  2 frilled lizards
  7 rats
578 creatures vanquished.

Vanquished Creatures (others)
  An orc (D:11)
  18 fungi
  41 plants
60 creatures vanquished.

Grand Total: 638 creatures vanquished

Notes
Turn   | Place    | Note
-------+----------+-------------------------------------------
     0 | D:1      | r3xj the Minotaur Fighter began the quest for the Orb.
     0 | D:1      | Reached XP level 1. HP: 19/19 MP: 0/0
   200 | D:1      | Reached XP level 2. HP: 25/27 MP: 1/1
   310 | D:1      | Found a faded altar of an unknown god.
   327 | D:1      | Reached skill level 4 in Fighting
   660 | D:1      | Reached XP level 3. HP: 33/33 MP: 2/2
  1097 | D:2      | Found an iron altar of Okawaru.
  1930 | D:2      | Reached XP level 4. HP: 41/41 MP: 3/3
  2104 | D:2      | Became a worshipper of Warmaster Okawaru
  2750 | D:3      | Noticed Ijyb
  2752 | D:3      | Paralysed by Ijyb for 6 turns
  2761 | D:3      | Paralysed by Ijyb for 5 turns
  2769 | D:3      | Killed Ijyb
  2770 | D:3      | Reached XP level 5. HP: 43/47 MP: 4/4
  3244 | D:4      | Found an iron altar of Okawaru.
  3248 | D:4      | Reached skill level 5 in Armour
  3334 | D:4      | Found a hazy altar of Hepliaklqana.
  3358 | D:4      | Reached skill level 5 in Fighting
  3362 | D:4      | Reached skill level 5 in Maces & Flails
  3490 | D:4      | Found a shimmering altar of Xom.
  3915 | D:4      | Reached XP level 6. HP: 50/56 MP: 5/5
  3958 | D:4      | Reached * piety under Okawaru
  4272 | D:4      | Found a radiant altar of Vehumet.
  4701 | D:5      | Entered Level 5 of the Dungeon
  4710 | D:5      | Reached skill level 6 in Fighting
  4710 | D:5      | Reached XP level 7. HP: 62/63 MP: 6/6
  5550 | D:5      | Reached ** piety under Okawaru
  5640 | D:5      | Reached skill level 1 in Invocations
  6313 | D:6      | Reached skill level 7 in Fighting
  6313 | D:6      | Reached XP level 8. HP: 73/73 MP: 8/8
  6402 | D:6      | Found a white marble altar of Elyvilon.
  6638 | D:6      | Found a glowing drain.
  6749 | Sewer    | Entered a sewer
  7210 | Sewer    | Found a white marble altar of Elyvilon.
  7341 | D:6      | Reached skill level 10 in Maces & Flails
  7432 | D:6      | Found an ornate altar of the Wu Jian Council.
  7461 | D:6      | Found Wyntaz's Antique Armour Shop.
  7478 | D:6      | Reached skill level 8 in Fighting
  7650 | D:6      | Found a staircase to the Ecumenical Temple.
  7897 | D:7      | Found a blossoming altar of Fedhas.
  7974 | D:7      | Reached *** piety under Okawaru
  7975 | D:7      | Reached XP level 9. HP: 64/81 MP: 10/10
  8306 | D:7      | Killed an unseen horror
  8849 | D:7      | Found a glowing silver altar of Zin.
  9164 | D:8      | Reached **** piety under Okawaru
  9173 | D:8      | Reached skill level 9 in Fighting
  9173 | D:8      | Reached skill level 5 in Invocations
  9301 | D:8      | Found Ryruifo's Antique Armour Shop.
  9381 | D:8      | Noticed a two-headed ogre
  9426 | D:8      | Found Noimmoaz's Magic Scroll Emporium.
  9435 | D:8      | Bought a scroll of enchant armour for 97 gold pieces
  9435 | D:8      | Bought a scroll of identify for 26 gold pieces
  9435 | D:8      | Bought a scroll of teleportation for 39 gold pieces
  9435 | D:8      | Bought a scroll of identify for 26 gold pieces
  9435 | D:8      | Bought a scroll of amnesia for 45 gold pieces
 10023 | D:8      | Killed a two-headed ogre
 10024 | D:8      | Reached XP level 10. HP: 53/92 MP: 10/13
 10204 | D:8      | Found Beczuh's Armour Shop.
 10214 | D:8      | Bought a +0 kite shield for 49 gold pieces
 10227 | D:8      | Found Roitev's Magic Scroll Boutique.
 10234 | D:8      | Reached ***** piety under Okawaru
 10243 | D:8      | Bought a scroll of identify for 26 gold pieces
 10734 | D:9      | Noticed a purple ugly thing
 10773 | D:9      | Killed a purple ugly thing
 10774 | D:9      | Reached skill level 10 in Fighting
 11132 | D:9      | Reached skill level 5 in Shields
 11488 | D:9      | Noticed Joseph
 11508 | D:9      | Killed Joseph
 11508 | D:9      | Received a gift from Okawaru
 12138 | D:9      | Identified the +2 leather armour "Zasug" {rC+ MP+9}
 12160 | D:10     | Entered Level 10 of the Dungeon
 12371 | D:10     | Noticed a two-headed ogre
 12383 | D:10     | Killed a two-headed ogre
 13037 | D:10     | Reached skill level 11 in Fighting
 13120 | D:10     | Reached XP level 11. HP: 87/102 MP: 14/14
 14240 | D:11     | Found a staircase to the Orcish Mines.
 14482 | D:11     | Noticed a four-headed hydra
 14506 | D:11     | Killed a four-headed hydra
 14507 | D:11     | Reached skill level 15 in Maces & Flails
 14672 | D:11     | Noticed a two-headed ogre
 14678 | D:11     | Killed a two-headed ogre
 14678 | D:11     | Received a gift from Okawaru
 14734 | D:11     | Found a staircase to the Lair.
 15124 | D:11     | Noticed a five-headed hydra
 15139 | D:11     | Killed a five-headed hydra
 15298 | D:11     | Found Dilauff's Antique Weapon Boutique.
 15791 | D:11     | Found Otali's Jewellery Emporium.
 16220 | D:11     | Noticed an eight-headed hydra
 16228 | D:11     | Killed an eight-headed hydra
 16229 | D:11     | Reached skill level 12 in Fighting
 16242 | D:11     | Found Tefureod's Magic Scroll Shoppe.
 16247 | D:11     | Bought a scroll of identify for 22 gold pieces
 16397 | D:11     | Noticed a deep elf zephyrmancer
 16397 | D:11     | Noticed a deep elf pyromancer
 16408 | D:11     | Killed a deep elf pyromancer
 16429 | D:11     | Killed a deep elf zephyrmancer
 17465 | D:12     | Noticed a two-headed ogre
 17474 | D:12     | Killed a two-headed ogre
 17475 | D:12     | Reached XP level 12. HP: 59/113 MP: 15/15
 17711 | D:12     | Reached skill level 13 in Fighting
 17716 | D:12     | Received a gift from Okawaru
 17717 | D:12     | Reached skill level 10 in Shields
 17838 | D:12     | Noticed a boulder beetle
 17860 | D:12     | Killed a boulder beetle
 17870 | D:12     | Noticed a two-headed ogre
 17875 | D:12     | Killed a two-headed ogre
 18319 | D:12     | Noticed Gastronok
 18327 | D:12     | Killed Gastronok
 18674 | D:12     | Noticed a two-headed ogre
 18678 | D:12     | Killed a two-headed ogre
 18679 | D:12     | Reached skill level 14 in Fighting
 18710 | D:12     | Noticed a boulder beetle
 18751 | D:12     | Killed a boulder beetle
 18966 | D:12     | Found an opulent altar of Gozag.
 19107 | Lair:1   | Entered Level 1 of the Lair of Beasts
 20398 | Lair:2   | Noticed Sonja
 20429 | Lair:2   | Killed Sonja
 20430 | Lair:2   | Reached skill level 15 in Fighting
 20430 | Lair:2   | Identified the +1 pair of boots "Vunyrolu" {rElec} (Okawaru
                  | gifted it to you on level 2 of the Lair of Beasts)
 20430 | Lair:2   | Received a gift from Okawaru
 21044 | Lair:2   | You fall into a shaft and drop 2 floors!
 21056 | Lair:4   | Reached XP level 13. HP: 94/127 MP: 14/16
 22177 | Lair:2   | Identified the +2 leather armour "Poyrax" {Int+5}
 22243 | Lair:3   | Found a staircase to the Swamp.
 22496 | Lair:3   | Reached skill level 1 in Dodging
 22503 | Lair:3   | Reached skill level 16 in Fighting
 23210 | Lair:4   | Found a hole to the Spider Nest.
 23227 | Lair:4   | Noticed Kirke
 23249 | Lair:4   | Noticed a sphinx
 24020 | Lair:4   | Noticed pigah's ghost (journeyman OpWn)
 24341 | Swamp:1  | Entered Level 1 of the Swamp
 24411 | Lair:3   | Killed Kirke
 24588 | Lair:4   | Found a runed translucent gate.
 24588 | Lair:4   | Found a runed translucent gate.
 24588 | Lair:4   | Found a runed translucent gate.
 25049 | Lair:4   | Received a gift from Okawaru
 25055 | Lair:4   | Killed pigah's ghost
 25056 | Lair:4   | Reached skill level 5 in Dodging
 25357 | Lair:5   | Found a staircase to the Slime Pits.
 25453 | Lair:5   | Noticed Snorg
 25469 | Lair:5   | HP: 2/130 [Snorg (18)]
 25899 | Lair:4   | Killed Snorg
 26233 | Lair:5   | Reached skill level 17 in Fighting
 26233 | Lair:5   | Reached skill level 15 in Shields
 26371 | Lair:5   | Received a gift from Okawaru
 26379 | Lair:5   | Reached XP level 14. HP: 120/140 MP: 17/17
 26575 | Lair:5   | Received a gift from Okawaru
 27563 | Lair:6   | Entered Level 6 of the Lair of Beasts
 29302 | Lair:6   | HP: 4/141 [black mamba (12)]
 29770 | Lair:6   | Found a large runed translucent door.
 29770 | Lair:6   | Found a large runed translucent door.
 30140 | Lair:6   | Reached skill level 18 in Fighting
 30392 | Lair:6   | Identified the +0 leather armour of Context {Will+}
 30538 | D:11     | Identified a scroll of acquirement
 30539 | D:11     | Acquired a +2 cloak of stealth
 30711 | D:13     | Noticed Erolcha
 30722 | D:13     | Killed Erolcha
 32055 | D:14     | Identified the +1 robe of the Amoeba {Int+3} (Okawaru
                  | gifted it to you on level 14 of the Dungeon)
 32055 | D:14     | Received a gift from Okawaru
 32496 | D:14     | Found Ypluskowk's Elemental Accessories.
 33238 | D:14     | Found a gate to the Vaults.
 33276 | D:15     | Entered Level 15 of the Dungeon
 33324 | D:15     | Reached XP level 15. HP: 42/151 MP: 18/18
 33721 | D:15     | Paralysed by an ogre mage for 4 turns
 33737 | D:15     | Reached skill level 10 in Dodging
 33744 | D:15     | Identified the +1 pair of boots "Guezefoo" {*Corrode +Inv
                  | rF+ Str-4 Int+8} (Okawaru gifted it to you on level 15 of
                  | the Dungeon)
 33744 | D:15     | Received a gift from Okawaru
 34210 | D:15     | Reached skill level 19 in Fighting
 34457 | D:15     | Found Koruepn's Armour Shoppe.
 34568 | D:15     | Killed from afar by a swamp worm

Illustrated notes

Levels and vault maps discovered:
D:1:      eino_arrival_druids_welcome, layout_loops_cross,
          basic_ecumenical_altar
D:2:      layout_loops_corners, basic_altar
D:3:      minmay_wonky_spiral, layout_loops_ring, uniq_ijyb
D:4:      layout_cave_pods, mainiacjoe_overflow_surrounded_room,
          mainiacjoe_overflow_brackets, mainiacjoe_overflow_catwalk,
          overflow_temple_1_default, hangedman_decor_push, minmay_pentomino_pile
D:5:      layout_gridville, minmay_manual_mullet
D:6:      layout_basic, nicolae_overflow_crystal_walls,
          mainiacjoe_overflow_cross_hatched, minmay_temple_entry_poolview,
          serial_shops, nicolae_shop_hallway_plus, portal_sewer_entry_e
D:7:      layout_loops_ring, zin_scriptorium, lemuel_round_altar,
          minmay_misc_feat_x, minmay_manual_monstrance
D:8:      layout_cave_pools, serial_shops, nicolae_shop_waterfront,
          nicolae_shop_behind_doors, shop, shop
D:9:      layout_long_grid, uniq_joseph
D:10:     layout_stronghold, serial_glass, glass_columns_a, glass_columns_b,
          glass_columns_c, minmay_misc_feat_ornament
D:11:     layout_small_grid, erik_lair_island, orc_0_dummy, serial_shops,
          nicolae_shop_overgrown_old_shop, nicolae_square_shop, shop,
          minmay_misc_feat_chi, hangedman_minor_magic
D:12:     layout_loops_corners, nicolae_gozag_cash_rules_everything_around_me,
          uniq_gastronok
D:13:     layout_basic, serial_bayou, serial_bayou_lagoon_b,
          serial_bayou_pond_b, serial_bayou_shore_a, serial_bayou_pond_b,
          hangedman_stone_soup, uniq_erolcha
D:14:     layout_big_octagon, david_vaults_5, nicolae_sextant,
          nicolae_elemental_shop
D:15:     grunt_enter_depths_snipers, layout_loops_ring, serial_glass,
          glass_columns_b, glass_columns_c, glass_columns_a, glass_columns_b,
          glass_columns_a, glass_columns_a, glass_columns_b, glass_columns_a,
          glass_columns_c, glass_columns_b, serial_shops,
          nicolae_inconvenience_store, worms_lemuel
Lair:1:   layout_layer_cave, chequers_serial_rivers_micro_b
Lair:2:   layout_regular_city, nicolae_quartered_pool_medium,
          forest_entry_grove, uniq_sonja
Lair:3:   layout_gridlike, swamp_mist, beast_lair_carwin_4, grunt_megastairs_5,
          lemuel_fruit_fields
Lair:4:   layout_big_grid, spider_nest_entry_a, gammafunk_ghost_icy, uniq_kirke
Lair:5:   layout_long_grid, slime_dummy, eino_small_chamber_without_monster,
          uniq_snorg
Lair:6:   cheibrodos_lair_end_hotspot, layout_gridlike
Swamp:1:  layout_basic_swamp, evilmike_swamp_ruin_house_5,
          nicolae_swamp_soggy_hallways

Skill      XL: |  1  2  3  4  5  6  7  8  9 10 11 12 13 14 15 |
---------------+----------------------------------------------+-----
Armour         | 4 5 9 |  9.9
Fighting       | 4 5 6 7 8 9 11 12 15 17 18 19 | 19.1
Shields        | 4 6 9 13 15 | 15.0
Maces & Flails | 3 4 5 6 8 10 12 14 16 | 16.0
Invocations    | 1 3 5 |  5.8
Dodging        | 6 9 10 | 10.5

Action                   |  1- 3 |  4- 6 |  7- 9 | 10-12 | 13-15 || total
-------------------------+-------+-------+-------+-------+-------++-------
Melee: Flail             |    92 |   162 |   245 |       |       ||   499
       Headbutt          |    16 |    25 |    69 |   183 |   293 ||   586
       Morningstar       |       |       |    27 |   627 |   929 ||  1583
       Broad axe         |       |       |       |       |    17 ||    17
Invok: Heroism           |       |       |     7 |    20 |    31 ||    58
       Finesse           |       |       |       |     1 |       ||     1
  Use: Scroll            |       |       |     5 |    10 |     7 ||    22
       Potion            |       |       |       |       |     8 ||     8
 Stab: Confused          |       |       |       |     2 |       ||     2
Armor: Scale mail        |    65 |    74 |    73 |    71 |       ||   283
       Plate armour      |       |       |       |   150 |   393 ||   543
       Ice dragon scales |       |       |       |       |     5 ||     5
Dodge: Dodged            |    45 |    62 |    97 |   160 |   359 ||   723
Block: Buckler           |    20 |    24 |    63 |       |       ||   107
       Kite shield       |       |       |       |   301 |   592 ||   893

Table legend: (Time is in decaauts)
 A = Elapsed time spent in this place.
 B = Non-inter-level travel time spent in this place.
 C = Inter-level travel time spent in this place.
 D = Time resting spent in this place.
 E = Time spent auto-exploring this place.
 F = Levels seen in this place.
 G = Mean time per level.
                   A        B        C        D        E       F      G
               +--------+--------+--------+--------+--------+-----+--------+
         Total |  34386 |  32551 |   1835 |   7524 |  20525 |  23 | 1495.0 |
       Dungeon |  22591 |  21250 |   1341 |   4837 |  13182 |  15 | 1506.1 |
          Lair |  11236 |  10743 |    493 |   2484 |   7121 |   6 | 1872.7 |
         Swamp |      1 |      1 |      0 |      0 |      0 |   1 |    1.0 |
         Sewer |    556 |    556 |      0 |    203 |    222 |   1 |  556.0 |
               +--------+--------+--------+--------+--------+-----+--------+

Top non-repeatable levels by time:
  Lair:6: 2818 daAuts
    D:11: 2804 daAuts
  Lair:4: 2399 daAuts
    D:10: 2209 daAuts
    D:12: 1929 daAuts
  Lair:2: 1720 daAuts
  Lair:3: 1711 daAuts
     D:4: 1703 daAuts
     D:7: 1679 daAuts
    D:14: 1546 daAuts
     D:9: 1449 daAuts
    D:13: 1447 daAuts
  Lair:5: 1438 daAuts
     D:3: 1329 daAuts
     D:8: 1287 daAuts
